 Dungeon Crawl Stone Soup version 0.14-a0-953-g9e7f188 (webtiles) character file.

596 PolkaDot the Ruinous (level 6, -1/37 (41) HPs)
             Began as a Vampire Conjurer on Nov 20, 2013.
             Was an Initiate of Sif Muna.
             Killed from afar by an orc wizard (6 damage)
             ... with a magic dart
             ... on Level 4 of the Dungeon.
             The game lasted 00:13:49 (4714 turns).

PolkaDot the Ruinous (Vampire Conjurer)             Turns: 4714, Time: 00:13:49

HP  -1/37 (41)   AC  2     Str  7      XL: 6   Next: 13%
MP   4/12        EV 12     Int 24      God: Sif Muna [......]
Gold 296         SH  0     Dex 14      Spells:  3 memorised,  2 levels left

Res.Fire  : + . .   See Invis. : +   i - +1 dagger (venom)
Res.Cold  : . . .   Warding    : .   a - +0 robe
Life Prot.: + . .   Conserve   : .   (no shield)
Res.Poison: .       Res.Corr.  : .   (no helmet)
Res.Elec. : .       Clarity    : .   (no cloak)
Sust.Abil.: + .     Spirit.Shd : .   (no gloves)
Res.Mut.  : .       Stasis     : .   (no boots)
Res.Rott. : .       Flight     : .   (no amulet)
Saprovore : . . .                    l - cursed ring of protection from fire
                                     k - ring of sustain abilities

@: brilliant, slightly resistant to hostile enchantments, stealthy
A: bottle blood, fangs 3, see invisible, unbreathing
a: Bat Form, Bottle Blood, Renounce Religion


You were on level 4 of the Dungeon.
You worshipped Sif Muna.
Sif Muna was noncommittal.
You were not thirsty.

You visited 2 branches of the dungeon, and saw 5 of its levels.

You collected 296 gold pieces.

Inventory:

Hand weapons
 i - a +1,+1 dagger of venom (weapon)
Armour
 a - a +0 robe (worn)
Scrolls
 e - a scroll of teleportation
 g - a scroll of amnesia {unknown}
 j - 2 scrolls of identify
Jewellery
 b - an uncursed ring of fire
 d - an uncursed ring of wizardry {unknown}
 k - a ring of sustain abilities (left hand)
 l - a cursed ring of protection from fire (right hand)
Potions
 n - a potion of might
Books
 c - a book of Conjurations

   Spells                             Type                      Level
   *Magic Dart                        Conjuration                  1
   *Searing Ray                       Conjuration                  2
   Dazzling Spray                     Conjuration/Hexes            3
   *Iskenderun's Mystic Blast         Conjuration                  4
   Iskenderun's Battlesphere          Conjuration/Charms           4
   Fulminant Prism                    Conjuration/Hexes            5


   Skills:
 - Level 2.1 Dodging
 - Level 3.0 Stealth
 + Level 2.4 Spellcasting
 * Level 5.2 Conjurations


You had 2 spell levels left.
You knew the following spells:

 Your Spells              Type           Power        Failure   Level  Hunger
a - Magic Dart            Conj           ####         1%          1    None
d - Iskenderun's Mystic   Conj           #####...     2%          4    ####...
s - Searing Ray           Conj           #####.       1%          2    ##.....


Dungeon Overview and Level Annotations

Branches:
Dungeon (4/16)             Temple (1/1) D:4

Altars:
Ashenzari
Elyvilon
Fedhas
Kikubaaqudgha
Makhleb
Nemelex Xobeh
Okawaru
Sif Muna
Trog
Xom
Zin
the Shining One


Innate Abilities, Weirdness & Mutations

You can bottle blood from corpses.
You have razor-sharp teeth.*
You have supernaturally acute eyesight.
You can survive without breathing.*


Message History

Casting: Iskenderun's Mystic Blast
Confirm with . or Enter, or press ? or * to list all spells.
Aiming: Iskenderun's Mystic Blast
Press: ? - help, Shift-Dir - straight line, f - orc
Aim: an orc, wielding an orcish whip and wearing an orcish chain mail The orb of energy hits the orc.
You kill the orc!
The orb of energy explodes!
The mystic blast hits the orc wizard.
The orc wizard is lightly wounded.
The orc priest looks braver.
Casting: Iskenderun's Mystic Blast
Confirm with . or Enter, or press ? or * to list all spells.
Aiming: Iskenderun's Mystic Blast
Press: ? - help, Shift-Dir - straight line, f - orc wizard
Aim: an orc wizard, wielding an orcish dagger and wearing an orcish robe (lightly wounded, slightly transparent)
The orb of energy hits the orc wizard.
The orc wizard is heavily wounded.
The orc wizard points at you and mumbles some strange words.
The magic dart hits you!
You die...

#.#..........# #.#.##########
#.#.# ##.#.# ...#.# ####.#
#.#############
####.......⌠.....#
.....###.......#@# ######
#.⌠.>.⌠.#o# #.......#.#
#...⌠...#o# ####
##..#####.##### .....
#######.#####.a..o.##.o.....
.............%......oa.......
#############......##.......
#......# #####


You could see a worker ant, an orc priest and an orc wizard (invisible).

Vanquished Creatures
  An ogre (D:4)
  A hound (D:4)
  An orc wizard (D:3)
  A worker ant (D:4)
  A gnoll (D:1)
  4 adders
  A giant mite (D:4)
  A worm (D:4)
  2 oozes
  5 orcs
  9 hobgoblins
  7 jackals
  A quokka (D:2)
  9 bats
  2 giant cockroaches
  4 giant newts
  5 goblins
  9 kobolds
  12 rats
76 creatures vanquished.

Vanquished Creatures (others)
  A plant (D:1)
1 creature vanquished.

Grand Total: 77 creatures vanquished

Notes
Turn   | Place    | Note
--------------------------------------------------------------
     0 | D:1      | PolkaDot, the Vampire Conjurer, began the quest for the Orb.
     0 | D:1      | Reached XP level 1. HP: 13/13 MP: 4/4
   277 | D:1      | Reached XP level 2. HP: 11/19 MP: 0/5
   671 | D:1      | Learned a level 2 spell: Searing Ray
  1084 | D:1      | Reached XP level 3. HP: 8/24 MP: 1/6
  1861 | D:2      | Reached skill level 4 in Conjurations
  2388 | D:2      | Reached XP level 4. HP: 15/30 MP: 8/8
  3593 | D:4      | Reached XP level 5. HP: 35/35 MP: 9/9
  3599 | D:4      | Learned a level 4 spell: Iskenderun's Mystic Blast
  3829 | D:4      | Noticed an ogre
  3838 | D:4      | Killed an ogre
  3838 | D:4      | Reached skill level 5 in Conjurations
  3838 | D:4      | Reached XP level 6. HP: 15/41 MP: 3/12
  4172 | D:4      | Found a staircase to the Ecumenical Temple.
  4187 | Temple   | Entered the Ecumenical Temple
  4491 | Temple   | Became a worshipper of Sif Muna the Loreminder
  4714 | D:4      | Killed from afar by an orc wizard

Action                   |  1- 3 |  4- 6 || total
-------------------------+-------+-------++-------
Melee: Unarmed           |    40 |       ||    40
       Dagger            |    11 |   110 ||   121
Throw: Dart              |     2 |       ||     2
 Cast: Magic Dart        |    70 |     4 ||    74
       Searing Ray       |     6 |     3 ||     9
       Iskenderun's Myst |       |     2 ||     2
  Use: Potion            |     1 |     3 ||     4
       Scroll            |       |    11 ||    11
 Stab: Sleeping          |     1 |     6 ||     7
